 Dungeon Crawl Stone Soup version 0.20-a0-839-gdaf5c57 (console) character file.

5294 nht the Cruncher (level 10, -12/71 HPs)
             Began as a Demonspawn Gladiator on Mar 8, 2017.
             Was an Initiate of Gozag.
             Mangled by a two-headed ogre
             ... wielding a +0 giant spiked club
              (26 damage)
             ... on level 9 of the Dungeon.
             The game lasted 00:19:09 (11353 turns).

nht the Cruncher (Demonspawn Gladiator)            Turns: 11353, Time: 00:19:10

Health: -12/71     AC:  8    Str: 16    XL:     10   Next: 37%
Magic:  10/10      EV: 14    Int: 12    God:    Gozag
Gold:   998        SH:  0    Dex: 16    Spells: 9/9 levels left

rFire    . . .     SeeInvis +   a - +0 quarterstaff
rCold    + . .     Gourm    +   b - +0 leather armour
rNeg     . . .     Faith    .   (shield currently unavailable)
rPois    .         Spirit   .   r - +0 helmet
rElec    .         Reflect  .   c - +0 cloak
rCorr    .         Harm     .   (no gloves)
MR       .....                  (no boots)
Stlth    +.........             p - amulet of the gourmand
Regen    0.3/turn               o - +1 ring of evasion
MPRegen  0.2/turn               h - ring of see invisible

@: no status effects
A: claws 1, talons 2, rugged brown scales 3, agile 1, cold resistance 1
a: Potion Petition, Call Merchant, Bribe Branch, Renounce Religion


You were on level 9 of the Dungeon.
You worshipped Gozag.
Gozag was pleased with you.
You were not hungry.

You visited 2 branches of the dungeon, and saw 10 of its levels.

You collected 1127 gold pieces.
You paid 129 gold pieces to Gozag.

Inventory:

Hand Weapons
 a - a +0 quarterstaff (weapon)
Missiles
 d - 5 throwing nets (quivered)
Armour
 b - a +0 leather armour (worn)
 c - a +0 cloak (worn)
 r - a +0 helmet (worn)
 u - a +0 cloak
Jewellery
 h - a ring of see invisible (left claw)
 o - a +1 ring of evasion (right claw)
 p - an amulet of the gourmand (around neck)
Wands
 s - a wand of enslavement (0/24)
Scrolls
 e - 8 scrolls of remove curse
 i - 11 scrolls of identify
 j - a scroll of enchant weapon
 k - 3 scrolls of teleportation
 q - 2 scrolls of fog
Potions
 m - 2 potions of brilliance
 t - 2 potions of curing
Comestibles
 f - 2 bread rations
 g - 3 meat rations
 l - 2 royal jellies
 n - 2 fruits


   Skills:
 - Level 2.0 Fighting
 + Level 13.8 Staves
 - Level 1.7 Throwing
 - Level 2.6 Dodging


You had 9 spell levels left.
You didn't know any spells.

Dungeon Overview and Level Annotations

Branches:
Dungeon (9/15)             Temple (1/1) D:6            Lair (0/6) D:9
    Orc (0/2) D:9

Altars:
Ashenzari
Cheibriados
Dithmenos
Elyvilon
Fedhas
Gozag
Hepliaklqana
Kikubaaqudgha
Makhleb
Nemelex Xobeh
Okawaru
Qazlal
Ru
Trog
Uskayaw
Vehumet
Wu Jian
Xom
Yredelemnul
Zin
The Shining One

Shops:
D:5 (

Annotations:
D:6 Prince Ribbit


Innate Abilities, Weirdness & Mutations

You have razor-sharp toenails.
You are completely covered in rugged brown scales. (AC +3, +7% HP)
You have sharp fingernails.
You are agile. (Dex +2)
Your flesh is cold resistant. (rC+)


Message History

The two-headed ogre closely misses you.
The two-headed ogre hits you with a giant club.
You hit the two-headed ogre but do no damage.
The two-headed ogre is lightly wounded.
You hit the two-headed ogre but do no damage.
You claw the two-headed ogre, but do no damage.
The two-headed ogre is lightly wounded.
The two-headed ogre closely misses you.
The two-headed ogre hits you with a giant club.
You sock the two-headed ogre!
You claw the two-headed ogre, but do no damage.
The two-headed ogre is moderately wounded.
You hit the two-headed ogre but do no damage.
You claw the two-headed ogre, but do no damage.
The two-headed ogre is moderately wounded.
The two-headed ogre hits you with a giant spiked club!!
* * * LOW HITPOINT WARNING * * *
The two-headed ogre hits you with a giant club!!
You die...
Your body crumbles into a pile of gold. ██████████ ███████

███........█ █.....█
█.'........█ █.....█
█.█........█
█.....███.█..>.....█
██.....'...█........█
.'.....█████........█
██.....█ █....@...█
█.....█ █.....O..█
█.....█ █........█


████'██ ███████'██ ..█ $ .█ .██ ██ You could see a two-headed ogre.

Vanquished Creatures
  Erica (D:9)
  Pikel (D:3)
  The ghost of nht the Reanimator, a novice DsNe of Ru (D:5)
  A killer bee (D:8)
  A wyvern (D:8)
  A wraith (D:9)
  A water moccasin (D:6)
  4 slaves
  3 sky beasts
  An orc warrior (D:8)
  4 ogres
  3 centaurs
  4 big kobolds
  An elf zombie (D:9)
  3 bullfrogs
  2 scorpions
  3 wights
  3 crimson imps
  A bullfrog zombie (D:8)
  6 hounds
  6 human zombies (D:9)
  4 orc priests
  Crazy Yiuf (D:5)
  3 bullfrog skeletons
  2 jellies
  2 centaur skeletons (D:4)
  7 orc wizards
  2 iguanas (D:8)
  3 worker ants
  2 hound skeletons
  A mummy (D:9)
  A worker ant zombie (D:6)
  12 adders
  2 shadow imps
  3 oozes
  An adder skeleton (D:3)
  3 worms
  5 dart slugs
  5 leopard geckos
  27 orcs
  2 giant cockroaches
  2 goblins
  8 hobgoblins
  15 jackals
  24 kobolds
  A quokka (D:2)
  3 ball pythons
  7 bats
  7 frilled lizards
  A jackal zombie (D:5)
  2 leopard gecko skeletons (D:4)
  An orc skeleton (D:9)
  2 quokka skeletons
  A quokka zombie (D:7)
  6 rats
219 creatures vanquished.

Vanquished Creatures (collateral kills)
  A black bear (D:8)
  3 killer bees (D:8)
  2 orcs (D:8)
6 creatures vanquished.

Vanquished Creatures (others)
  An orc warrior (D:8)
  2 killer bees (D:8)
  2 wights (D:8)
  An orc wizard (D:4)
6 creatures vanquished.

Grand Total: 231 creatures vanquished

Notes
Turn   | Place    | Note
-------+----------+-------------------------------------------
     0 | D:1      | nht the Demonspawn Gladiator began the quest for the Orb.
     0 | D:1      | Reached XP level 1. HP: 16/16 MP: 1/1
   127 | D:1      | Reached skill level 3 in Staves
   261 | D:1      | Gained mutation: You have sharp toenails. [demonic ancestry]
   261 | D:1      | Reached XP level 2. HP: 22/22 MP: 2/2
  1070 | D:2      | Gained mutation: You have razor-sharp toenails. [demonic ancestry]
  1070 | D:2      | Reached XP level 3. HP: 24/27 MP: 3/3
  1076 | D:2      | Reached skill level 4 in Staves
  1712 | D:3      | Gained mutation: You are partially covered in rugged brown scales. (AC +1, +3% HP) [demonic ancestry]
  1712 | D:3      | Reached XP level 4. HP: 27/33 MP: 4/4
  1954 | D:3      | Reached skill level 5 in Staves
  1974 | D:3      | Gained mutation: You are mostly covered in rugged brown scales. (AC +2, +5% HP) [demonic ancestry]
  1974 | D:3      | Reached XP level 5. HP: 13/39 MP: 5/5
  1978 | D:3      | Gained mutation: Your flesh is cold resistant. (rC+) [potion of mutation]
  1978 | D:3      | Gained mutation: You are agile. (Dex +2) [potion of mutation]
  1978 | D:3      | Gained mutation: You have sharp fingernails. [potion of mutation]
  2632 | D:3      | Reached skill level 6 in Staves
  2957 | D:4      | Reached XP level 6. HP: 35/46 MP: 6/6
  3586 | D:4      | Reached skill level 7 in Staves
  3872 | D:4      | Reached XP level 7. HP: 30/52 MP: 7/7
  4225 | D:5      | Entered Level 5 of the Dungeon
  4442 | D:4      | HP: 1/52 [slave[Pikel] (7)]
  5000 | D:4      | Reached skill level 8 in Staves
  5117 | D:5      | Noticed nht's ghost (novice DsNe)
  5122 | D:5      | Found Naog's Weapon Shoppe.
  5134 | D:5      | Noticed Pikel
  5172 | D:3      | Killed Pikel
  5172 | D:3      | Reached skill level 9 in Staves
  5172 | D:3      | Reached XP level 8. HP: 42/58 MP: 8/8
  5388 | D:5      | Found a white marble altar of Elyvilon.
  5536 | D:5      | Found a runed door.
  5830 | D:5      | Found a burning altar of Makhleb.
  5876 | D:5      | Found an iron altar of Okawaru.
  5968 | D:5      | Killed nht's ghost
  5968 | D:5      | Reached skill level 10 in Staves
  6020 | D:5      | Noticed Crazy Yiuf
  6027 | D:5      | Killed Crazy Yiuf
  6158 | D:6      | Found a staircase to the Ecumenical Temple.
  6168 | Temple   | Entered the Ecumenical Temple
  6388 | Temple   | Became a worshipper of Gozag Ym Sagoz the Greedy
  6445 | D:6      | Found a snail-covered altar of Cheibriados.
  6725 | D:6      | Noticed Prince Ribbit
  7159 | D:6      | Reached skill level 11 in Staves
  7159 | D:6      | Gained mutation: You are completely covered in rugged brown scales. (AC +3, +7% HP) [demonic ancestry]
  7159 | D:6      | Reached XP level 9. HP: 47/65 MP: 9/9
  7761 | D:6      | Found a radiant altar of Vehumet.
  8340 | D:7      | You fall through a shaft for 2 floors!
  8355 | D:9      | Noticed Erica
  8368 | D:9      | Killed Erica
  8368 | D:9      | Reached skill level 12 in Staves
  8408 | D:9      | Found a staircase to the Orcish Mines.
  8460 | D:9      | Found a staircase to the Lair.
  9221 | D:7      | Noticed a cyclops
  9668 | D:8      | Reached skill level 13 in Staves
  9847 | D:8      | Reached XP level 10. HP: 26/71 MP: 10/10
 10939 | D:9      | Found an ancient bone altar of Kikubaaqudgha.
 11298 | D:9      | Found a sacrificial altar of Ru.
 11341 | D:9      | Noticed a two-headed ogre
 11353 | D:9      | Mangled by a two-headed ogre

Vault maps used:
D:1:      saegor_arrival_simple_b, minmay_gold_behind_fungi, minmay_bisected
D:2:      minivault_14
D:4:      first_bread, kennysheep_generic_room_11
D:5:      marbit_many_paths, lemuel_doored_altar, serial_shops,
          kennysheep_little_box, kennysheep_decorative_pillar, elyvilon_altar_1,
          uniq_pikel, uniq_crazy_yiuf_cottage
D:6:      cheibrodos_thug_alley, kennysheep_slug_shrine,
          nicolae_overflow_crystal_walls, minmay_temple_entry_glass,
          kennysheep_generic_room_15, uniq_prince_ribbit1
D:7:      the_bakery, moated_statue, serial_bayou_pond_d
D:8:      minmay_misc_feat_ornament, hangedman_glass_teeth
D:9:      kennysheep_mini, lemuel_round_altar, lair_entry_dummy, david_orc_2,
          lemuel_mausoleum_altar_kikubaaqudgha, uniq_erica, uniq_grum,
          uniq_joseph
Temple:   regret_index_temple_sphere_string

Skill      XL: |  1  2  3  4  5  6  7  8  9 |
---------------+----------------------------+-----
Staves         | 3 4 5 6 7 9 11 13 | 13.8
Fighting       | |  2.0
Throwing       | |  1.7
Dodging        | |  2.6

Action                   |  1- 3 |  4- 6 |  7- 9 | 10-12 || total
-------------------------+-------+-------+-------+-------++-------
Melee: Quarterstaff      |   113 |   194 |   531 |   216 ||  1054
       Kick              |    14 |    55 |   161 |    77 ||   307
Evoke: Wand              |       |       |     1 |    17 ||    18
  Use: Scroll            |     4 |     5 |     3 |     1 ||    13
       Potion            |       |     4 |     6 |     2 ||    12
 Stab: Invisible         |       |       |     1 |       ||     1
       Sleeping          |       |       |     2 |     1 ||     3
       Distracted        |       |       |       |     1 ||     1
  Eat: Chunk             |     3 |     5 |     8 |       ||    16
       Meat ration       |       |       |     2 |       ||     2
       Bread ration      |       |       |     1 |     1 ||     2
Armor: Leather armour    |    38 |    46 |   137 |    42 ||   263
Dodge: Dodged            |    89 |   117 |   258 |    87 ||   551
